 Dungeon Crawl Stone Soup version 0.29-a0-821-g6639535 (webtiles) character file.

Game seed: 5007438802900532419

142 Illumine the Trooper (level 5, -6/47 HPs)
             Began as a Minotaur Fighter on July 7, 2022.
             Killed from afar by Ijyb (9 damage)
             ... with an iceblast
             ... on level 3 of the Dungeon.
             The game lasted 00:01:08 (1210 turns).

Illumine the Trooper (Minotaur Fighter)             Turns: 1210, Time: 00:01:09

Health: -6/47      AC:  7    Str: 23    XL:     5   Next: 4%
Magic:  4/4        EV:  9    Int:  5    God:
Gold:   64         SH:  0    Dex: 13    Spells: 4/4 levels left

rFire   . . .      SeeInvis .   k - +9 quarterstaff of Nuveqyvi {drain, Dex+4}
rCold   . . .      Faith    .   (shield currently unavailable)
rNeg    . . .      Spirit   .   b - +0 scale mail
rPois   .          Reflect  .   (helmet restricted)
rElec   .          Harm     .   (no cloak)
rCorr   .          Rampage  .   (no gloves)
Will    .....                   (no boots)
Stlth   ..........              (no amulet)
HPRegen 0.15/turn               (no ring)
MPRegen 0.09/turn               (no ring)

@: no status effects
A: horns 2, retaliatory headbutt
a: no special abilities


You were on level 3 of the Dungeon.
You visited 1 branch of the dungeon, and saw 3 of its levels.

You collected 64 gold pieces.

Inventory:

Hand Weapons
 a - a +0 war axe
 k - the +9 quarterstaff of Nuveqyvi (weapon) {drain, Dex+4}
   (You found it on level 2 of the Dungeon)

   A truly terrible weapon, it drains the life of any living foe it strikes.
   Dex:       It affects your dexterity (+4).
Armour
 b - a +0 scale mail (worn)
 c - a +0 buckler
Scrolls
 e - 7 scrolls of identify {unknown}
 f - 2 scrolls of torment {unknown}
 g - a scroll of enchant weapon {unknown}
 h - a scroll of magic mapping {unknown}
 i - a scroll of poison {unknown}
 l - a scroll of teleportation {unknown}
 m - a scroll of blinking {unknown}
Potions
 d - a potion of might
 j - a potion of mutation {unknown}
 n - a potion of curing {unknown}


   Skills:
 + Level 4.6 Fighting
 - Level 3.2 Axes
 * Level 3.1 Staves
 + Level 4.6 Armour
 - Level 3.9 Shields


You had 4 spell levels left.
You didn't know any spells.
Your spell library was empty.

Dungeon Overview and Level Annotations

Branches:
Dungeon (3/15)

Altars:

Annotations:
D:3 3 runed translucent doors, Ijyb; Ubbricas's ghost, amateur OpCK


Innate Abilities, Weirdness & Mutations

You have a pair of horns on your head.
You reflexively headbutt those who attack you in melee.


Message History

The gnoll sergeant shouts!
The gnoll hits you with a +0 spear!
Things that are here:
a +0 morningstar; a worm corpse; an orc corpse The gnoll hits you with a +0 spear.
The gnoll hits you but does no damage.
You see here a +0 flail.
You hit the gnoll. You headbutt the gnoll.
The gnoll is heavily wounded.
The gnoll hits you but does no damage.
The gnoll sergeant hits you from afar with a +0 trident.
You bludgeon the gnoll!!
You kill the gnoll!
The gnoll sergeant barely misses you.
The gnoll sergeant hits you from afar with a +0 trident.
* * * LOW HITPOINT WARNING * * *
The gnoll barely misses you.
You have reached level 5!
You thump the gnoll!
The gnoll is heavily wounded.
The gnoll hits you with a +0 whip.
* * * LOW HITPOINT WARNING * * *
The gnoll sergeant hits you but does no damage.
Unknown command.
The gnoll hits you with a +0 whip.
* * * LOW HITPOINT WARNING * * *
You closely miss the gnoll. You headbutt the gnoll.
The gnoll is almost dead.
The gnoll sergeant hits you from afar with a +0 trident.
* * * LOW HITPOINT WARNING * * *
The gnoll hits you with a +0 whip.
* * * LOW HITPOINT WARNING * * *
The gnoll barely misses you.
Things that are here:
a +0 morningstar; a worm corpse; an orc corpse The gnoll attacks as you move away!
The gnoll hits you but does no damage.
Ijyb the Twisted Goblin comes into view.
She is wielding a +0 club and carrying a wand of iceblast (14).
Ijyb shouts!
Ijyb zaps a wand.
The mass of ice explodes!
The iceblast engulfs you!
You die...

#. #..# #..##### #. #..# #..#
#. #####g.#####.# ##.
#.....##K⌠P#### ..
#.#...#KKK..##. #.
###.....+K###..#.##
##.###.###.##....+KWK../#..##
.......).gg.#....+K###. #..##
.###.###)##.@....#K..) ##....
.......).#.#....##≈⌠P##.>...
#.###.##)[.##....#####......
... #.#.###....# ##..... #.#
...#... ...... #...## #..
#.#.#.####.#.## ##### ...
...#...# .#.# .# ..# #.#.#
.#.# #.# ..#.. # #.#


You could see a kobold brigand, a gnoll sergeant, Ijyb, Ubbricas's ghost, a
gnoll and 6 kobolds.

Vanquished Creatures
  2 orc wizards (D:3)
  2 adders
  2 gnolls (D:3)
  3 worms
  3 orcs (D:3)
  4 bats
  3 endoplasms (D:1)
  3 giant cockroaches
  4 goblins
  3 hobgoblins (D:2)
  4 jackals (D:3)
  2 quokkas
  3 ball pythons
  2 frilled lizards (D:1)
  3 kobolds
  3 rats
46 creatures vanquished.

Vanquished Creatures (others)
  4 plants (D:3)
  A withered plant (D:1)
5 creatures vanquished.

Grand Total: 51 creatures vanquished

Notes
Turn   | Place    | Note
-------+----------+-------------------------------------------
     0 | D:1      | Illumine the Minotaur Fighter began the quest for the Orb.
     0 | D:1      | Reached XP level 1. HP: 19/19 MP: 0/0
    62 | D:1      | Found a faded altar of an unknown god.
   257 | D:1      | Reached XP level 2. HP: 27/27 MP: 1/1
   729 | D:2      | Identified the +9 quarterstaff of Nuveqyvi {drain, Dex+4}
   815 | D:2      | Reached XP level 3. HP: 33/33 MP: 2/2
   826 | D:2      | Reached skill level 1 in Staves
  1163 | D:3      | Found a runed translucent gate.
  1164 | D:3      | Found a runed translucent gate.
  1164 | D:3      | Noticed Ubbricas's ghost (amateur OpCK)
  1166 | D:3      | Noticed a kobold brigand
  1167 | D:3      | Found a runed translucent gate.
  1186 | D:3      | Reached XP level 4. HP: 32/41 MP: 3/3
  1199 | D:3      | Noticed a gnoll sergeant
  1204 | D:3      | Reached XP level 5. HP: 13/47 MP: 4/4
  1206 | D:3      | HP: 2/47 [gnoll/+0 whip[a gnoll sergeant] (1)]
  1210 | D:3      | Noticed Ijyb
  1210 | D:3      | Killed from afar by Ijyb

Illustrated notes

Levels and vault maps discovered:
D:1:      evilmike_arrival_crescent, layout_rooms,
          ebering_ecumenical_altar_petrified, chequers_arboretum,
          minmay_misc_feat_five
D:2:      layout_basic
D:3:      layout_loops_ring, overflow_temple_1_default,
          lemuel_coloured_pillars_altar, gammafunk_ghost_nasty_kobolds,
          serial_bayou_pond_a, nicolae_concentric_dashed_squares_mild,
          minivault_4, uniq_sigmund, uniq_ijyb

Skill      XL: |  1  2  3  4 |
---------------+-------------+-----
Axes           | 3 |  3.2
Armour         | 4 |  4.6
Fighting       | 4 |  4.6
Staves         | 2 3 |  3.1
Shields        | |  3.9

Action                   |  1- 3 |  4- 6 || total
-------------------------+-------+-------++-------
Melee: War axe           |    37 |       ||    37
       Headbutt          |     7 |     2 ||     9
       Quarterstaff      |    23 |    12 ||    35
Armor: Scale mail        |    40 |     7 ||    47
Dodge: Dodged            |    42 |    10 ||    52
Block: Buckler           |    10 |       ||    10

Table legend: (Time is in decaauts)
 A = Elapsed time spent in this place.
 B = Non-inter-level travel time spent in this place.
 C = Inter-level travel time spent in this place.
 D = Time resting spent in this place.
 E = Time spent auto-exploring this place.
 F = Levels seen in this place.
 G = Mean time per level.
                   A        B        C        D        E       F      G
               +--------+--------+--------+--------+--------+-----+--------+
         Total |   1232 |   1201 |     31 |      0 |    937 |   3 |  410.7 |
       Dungeon |   1232 |   1201 |     31 |      0 |    937 |   3 |  410.7 |
               +--------+--------+--------+--------+--------+-----+--------+

Top non-repeatable levels by time:
     D:1: 585 daAuts
     D:2: 503 daAuts
     D:3: 143 daAuts
